 Dungeon Crawl Stone Soup version 0.30-a0-996-ga6910c8ee8 (webtiles) character file.

Game seed: 5997273931176027494

1940 arbybooo the Geomancer (level 9, -2/45 HPs)
             Began as a Gargoyle Earth Elementalist on Apr 4, 2023.
             Slain by a gnoll bouda
             ... wielding a +0 whip
              (9 damage)
             ... on level 8 of the Dungeon.
             The game lasted 00:06:37 (4169 turns).

arbybooo the Geomancer (GrEE)                       Turns: 4169, Time: 00:06:38

Health: -2/45      AC: 20    Str: 12    XL:     9   Next: 18%
Magic:  7/17       EV: 10    Int: 20    God:
Gold:   195        SH:  0    Dex: 10    Spells: 15/19 levels left

rFire   . . .      SeeInvis .    b - +0 flail (protect)
rCold   . . .      Faith    .    (no shield)
rNeg    + . .      Spirit   .    d - +0 ring mail
rPois   ∞          Reflect  .    (no helmet)
rElec   +          Rampage  .    (no cloak)
rCorr   .                        (no gloves)
Will    .....                    p - +0 pair of boots
Stlth   +                        (no amulet)
HPRegen 0.27/turn                (no ring)
MPRegen 0.15/turn                (no ring)

@: weakened, under a protective aura
A: sickness immunity, AC +6, negative energy resistance 1, electricity
resistance, torment resistance 1, petrification resistance
a: no special abilities


You were on level 8 of the Dungeon.
You visited 1 branch of the dungeon, and saw 6 of its levels.

You collected 195 gold pieces.

Inventory:

Hand Weapons
 b - a +0 flail of protection (weapon)
Missiles
 e - a throwing net
Armour
 a - a +0 robe
 d - a +0 ring mail (worn)
 p - a +0 pair of boots (worn)
Magical Staves
 w - a staff of poison
Jewellery
 i - an amulet of faith
 s - a ring of ice
Wands
 y - a wand of roots (5)
Scrolls
 g - a scroll of enchant armour {unknown}
 j - 2 scrolls of enchant weapon {unknown}
 k - a scroll of brand weapon {unknown}
 m - a scroll of blinking {unknown}
 n - a scroll of vulnerability {unknown}
 o - 6 scrolls of identify {unknown}
 x - a scroll of magic mapping {unknown}
 z - a scroll of teleportation {unknown}
 A - a scroll of fear {unknown}
Potions
 c - 3 potions of curing
 f - a potion of heal wounds
 h - a potion of flight {unknown}
 l - a potion of haste {unknown}
 q - a potion of invisibility
 r - 2 potions of brilliance {unknown}
 t - a potion of ambrosia {unknown}
 u - a potion of attraction {unknown}
 v - a potion of lignification {unknown}
 B - a potion of mutation {unknown}


   Skills:
 + Level 5.7 Armour
 - Level 1.5 Dodging
 - Level 2.1 Stealth
 + Level 5.7 Spellcasting
 - Level 0.7 Transmutations
 * Level 10.7 Earth Magic


You had 15 spell levels left.
You knew the following spells:

 Your Spells              Type           Power      Damage    Failure   Level
a - Sandblast             Erth           96%        2d20      1%          1
b - Stone Arrow           Conj/Erth      54%        3d10      8%          3

Your spell library contained the following spells:

 Spells                   Type           Power      Damage    Failure   Level
 Passwall                 Tmut/Erth      23%        N/A       3%          2
 Sting                    Tmut/Pois      28%        1d4       19%         1
 Petrify                  Tmut/Erth      28%        N/A       21%         4
 Poisonous Vapours        Pois/Air       10%        N/A       32%         2
 Olgreb's Toxic Radiance  Pois           5%         N/A       91%         4


Dungeon Overview and Level Annotations

Branches:
Dungeon (8/15)
 Temple: D:4-7         Lair: D:8-11

Altars:
Cheibriados
Gozag
Kikubaaqudgha
Okawaru
Sif Muna

Annotations:
D:4 Blork the orc
D:5 1 runed translucent door, Crazy Yiuf


Innate Abilities, Weirdness & Mutations

You are immune to sickness and miasma.
Your stone body is resilient. (AC +6)
You are immune to poison.
You resist negative energy. (rN+)
You are resistant to electric shocks. (rElec)
You are resistant to unholy torment.
You are immune to petrification.


Message History

Something hits you.
* * * LOW HITPOINT WARNING * * *
Unknown command.
You hit something but do no damage.
Your weapon exudes an aura of protection.
You hear some strange, mumbled words.
A puff of flame appears from out of thin air!
The puff of flame hits you but does no damage.
You hear something call down the wrath of a god upon you.
You feel as though you will be weak longer.
Something hits you but does no damage.
You hit something but do no damage.
A gnoll bouda appears from thin air!
Reactivating autopickup.
An orc wizard appears from thin air!
The orc wizard points at you and mumbles some strange words.
The magic dart hits you but does no damage.
The gnoll bouda hits you but does no damage.
The orc wizard hits you but does no damage.
The gnoll bouda hits you with a +0 whip.
* * * LOW HITPOINT WARNING * * *
You closely miss the orc wizard.
The orc wizard is almost dead.
The orc wizard hits you but does no damage.
The gnoll bouda hits you but does no damage.
You hit the orc wizard.
The orc wizard is almost dead.
The orc wizard hits you but does no damage.
The gnoll bouda barely misses you. The gnoll bouda completely misses you.
The orc wizard barely misses you.
You completely miss the orc wizard.
The orc wizard is almost dead.
The orc wizard barely misses you. The gnoll bouda barely misses you.
Unknown command.
You are too injured to fight recklessly!
You are too injured to fight recklessly!
You hit the orc wizard but do no damage.
The orc wizard is almost dead.
The orc wizard hits you but does no damage.
The gnoll bouda hits you with a +0 whip!
You die...

........# )......##
#....... #......##...
.......#....
#............ .
#............ .{
##............ ...
##g@........... ..g)
###.o............ $...)
#....#...........
.....)#....##....##....
......))†..####........
.......#....##...###...
#.................#
##.....#.##........>..
##....###.....##.....#


You could see a gnoll bouda and an orc wizard.

Vanquished Creatures
  A two-headed ogre (D:8)
  Sigmund (D:3)
  Menkaure (D:4)
  Edmund (D:4)
  2 water moccasins
  A phantom (D:5)
  A bullfrog (D:8)
  A scorpion (D:4)
  A hound (D:5)
  2 jellies
  An iguana (D:5)
  Natasha (thrice) (D:3)
  3 orc wizards
  10 gnolls
  7 adders
  A white imp (D:5)
  2 ufetubi
  2 worms
  5 dart slugs
  6 orcs
  7 ball pythons
  9 endoplasms
  3 giant cockroaches
  6 goblins
  7 hobgoblins
  4 kobolds
  5 quokkas
  6 bats
  6 frilled lizards
105 creatures vanquished.

Notes
Turn   | Place    | Note
-------+----------+-------------------------------------------
     0 | D:1      | arbybooo the Gargoyle Earth Elementalist began the quest
                  | for the Orb.
     0 | D:1      | Reached XP level 1. HP: 10/10 MP: 3/3
    54 | D:1      | Reached skill level 4 in Earth Magic
   104 | D:1      | Reached XP level 2. HP: 15/15 MP: 3/5
   225 | D:1      | Found a faded altar of an unknown god.
   621 | D:1      | Reached XP level 3. HP: 19/19 MP: 3/6
   919 | D:2      | Reached skill level 5 in Earth Magic
   922 | D:2      | Reached XP level 4. HP: 24/24 MP: 2/8
  1444 | D:2      | Learned a level 3 spell: Stone Arrow
  1779 | D:3      | Found a snail-covered altar of Cheibriados.
  1791 | D:3      | Reached XP level 5. HP: 28/28 MP: 0/9
  1848 | D:3      | Noticed Sigmund
  1855 | D:3      | Killed Sigmund
  1856 | D:3      | Reached skill level 6 in Earth Magic
  1856 | D:3      | Reached XP level 6. HP: 32/32 MP: 0/11
  1963 | D:3      | Noticed Natasha
  1967 | D:3      | Killed Natasha
  2247 | D:3      | Noticed Natasha
  2252 | D:3      | Killed Natasha
  2579 | D:3      | Noticed Natasha
  2583 | D:3      | Killed Natasha
  2584 | D:3      | Reached skill level 7 in Earth Magic
  2634 | D:4      | Noticed Edmund
  2661 | D:4      | Killed Edmund
  2662 | D:4      | Reached XP level 7. HP: 30/36 MP: 7/12
  2813 | D:4      | Reached skill level 8 in Earth Magic
  3009 | D:4      | Noticed Blork the orc
  3161 | D:4      | Noticed Menkaure
  3164 | D:4      | Killed Menkaure
  3347 | D:4      | Found an opulent altar of Gozag.
  3474 | D:5      | Entered Level 5 of the Dungeon
  3476 | D:5      | Reached XP level 8. HP: 41/41 MP: 12/14
  3590 | D:5      | Reached skill level 9 in Earth Magic
  3617 | D:5      | Found an iron altar of Okawaru.
  3618 | D:5      | Found a shimmering blue altar of Sif Muna.
  3618 | D:5      | Found an ancient bone altar of Kikubaaqudgha.
  3785 | D:5      | Identified the +1 leather armour of Astrabias {rC+ Str+2}
  4057 | D:5      | Found a runed translucent door.
  4058 | D:5      | Noticed Crazy Yiuf
  4100 | D:5      | You fall into a shaft and drop 3 floors!
  4111 | D:8      | Noticed a two-headed ogre
  4116 | D:8      | Killed a two-headed ogre
  4117 | D:8      | Reached skill level 5 in Armour
  4117 | D:8      | Reached skill level 5 in Spellcasting
  4117 | D:8      | Reached skill level 10 in Earth Magic
  4117 | D:8      | Reached XP level 9. HP: 29/45 MP: 11/17
  4169 | D:8      | Slain by a gnoll bouda

Illustrated notes

Levels and vault maps discovered:
D:1:      saegor_arrival_simple_e, layout_basic, basic_ecumenical_altar,
          minmay_misc_feat_encased
D:2:      layout_loops_cross
D:3:      layout_basic, kennysheep_slug_shrine, serial_bayou_pond_a,
          minmay_stone_trees_large, uniq_natasha, uniq_sigmund
D:4:      layout_cave_pools, kennysheep_little_box, uniq_edmund,
          uniq_blork_the_orc, uniq_menkaure
D:5:      layout_basic, minitemple, uniq_crazy_yiuf_cottage
D:8:      lemuel_castle_with_subvaults [lemuel_castle_interior_carwin_3],
          layout_cave_pools, enter_bailey_2, nicolae_wooded_promenade,
          minmay_microvault

Skill      XL: |  1  2  3  4  5  6  7  8 |
---------------+-------------------------+-----
Earth Magic    | 4 5 6 7 8 10 | 10.7
Spellcasting   | 3 4 5 |  5.7
Armour         | 2 3 5 |  5.7
Dodging        | |  1.5
Stealth        | |  2.1
Transmutations | |  0.7

Action                     |  1- 3 |  4- 6 |  7- 9 || total
---------------------------+-------+-------+-------++-------
  Melee: Unarmed           |     2 |     1 |       ||     3
         Flail             |       |       |    26 ||    26
   Cast: Sandblast         |    30 |    78 |    79 ||   187
    Use: Potion            |       |     3 |       ||     3
 Armour: Robe              |     4 |     3 |       ||     7
         Ring mail         |       |    16 |    65 ||    81
  Dodge: Dodged            |     2 |    19 |    21 ||    42

Table legend: (Time is in decaauts)
 A = Elapsed time spent in this place.
 B = Non-inter-level travel time spent in this place.
 C = Inter-level travel time spent in this place.
 D = Time resting spent in this place.
 E = Time spent auto-exploring this place.
 F = Levels seen in this place.
 G = Mean time per level.
                   A        B        C        D        E       F      G
               +--------+--------+--------+--------+--------+-----+--------+
         Total |   4284 |   4195 |     89 |     84 |   3442 |   6 |  714.0 |
       Dungeon |   4284 |   4195 |     89 |     84 |   3442 |   6 |  714.0 |
               +--------+--------+--------+--------+--------+-----+--------+

Top non-repeatable levels by time:
     D:3: 991 daAuts
     D:4: 912 daAuts
     D:2: 857 daAuts
     D:1: 842 daAuts
     D:5: 593 daAuts
     D:8: 88 daAuts
